 Dungeon Crawl Stone Soup version 0.28-a0-305-g9e858e973b (webtiles) character file.

Game seed: 12463478069813748609

47 practice the Skirmisher (level 3, -7/24 HPs)
             Began as a Gargoyle Chaos Knight on Mar 19, 2021.
             Was a Plaything of Xom.
             Blown up by Ijyb (16 damage)
             ... with a mindburst bolt
             ... on level 5 of the Dungeon on Aug 29, 2021.
             The game lasted 00:11:10 (811 turns).

practice the Skirmisher (Gargoyle Chaos Knight)      Turns: 811, Time: 00:11:11

Health: -7/24      AC:  8    Str: 16    XL:     3   Next: 70%
Magic:  3/3        EV: 11    Int: 12    God:    Xom [....*.]
Gold:   12         SH:  0    Dex:  9    Spells: 2/2 levels left

rFire   . . .      SeeInvis .     - Unarmed
rCold   . . .      Faith    .   (no shield)
rNeg    + . .      Spirit   .   a - +2 leather armour
rPois   ∞          Reflect  .   (no helmet)
rElec   +          Harm     .   (no cloak)
rCorr   .          Rampage  .   (no gloves)
Will    .....                   (no boots)
Stlth   +.........              (no amulet)
HPRegen 0.08/turn               (no ring)
MPRegen 0.08/turn               (no ring)

@: no status effects
A: sickness immunity, AC +3, negative energy resistance 1, electricity
resistance, torment resistance 1, petrification resistance
a: Renounce Religion


You were on level 5 of the Dungeon.
You worshipped Xom.
You were a beloved toy of Xom.
You visited 1 branch of the dungeon, and saw 5 of its levels.

You collected 12 gold pieces.

Inventory:

Hand Weapons
 d - a +0 dagger
Missiles
 e - 36 arrows
Armour
 a - a +2 leather armour (worn)
Scrolls
 b - 2 scrolls of removedness


   Skills:
 + Level 3.8 Fighting
 + Level 2.4 Armour
 + Level 1.4 Dodging
 + Level 3.7 Unarmed Combat


You had 2 spell levels left.
You didn't know any spells.
Your spell library was empty.

Dungeon Overview and Level Annotations

Branches:
Dungeon (5/15)
 Temple: D:4-7

Altars:

Annotations:
D:5 Duvessa, Ijyb


Innate Abilities, Weirdness & Mutations

You are immune to sickness and miasma.
Your stone body is resilient. (AC +3)
You are immune to poison.
You resist negative energy. (rN+)
You are resistant to electric shocks. (rElec)
You are resistant to unholy torment.
You are immune to petrification.


Message History

The kobold moves out of view.
The howler monkey moves out of view.
Duvessa moves out of view.
The hobgoblin moves out of view.
You see here a +0 club.
HP restored.
A howler monkey zombie comes into view.
A howler monkey zombie is nearby!
You see here a +0 club.
You hit the howler monkey zombie.
The howler monkey zombie is lightly damaged.
You hit the howler monkey zombie.
The howler monkey zombie is moderately damaged.
The howler monkey zombie hits you but does no damage.
You punch the howler monkey zombie!
The howler monkey zombie is heavily damaged.
The howler monkey zombie barely misses you.
You hit the howler monkey zombie but do no damage.
The howler monkey zombie is heavily damaged.
The howler monkey zombie barely misses you.
You hit the howler monkey zombie.
The howler monkey zombie is severely damaged.
The howler monkey zombie hits you.
You barely miss the howler monkey zombie.
The howler monkey zombie is severely damaged.
The howler monkey zombie closely misses you.
You hit the howler monkey zombie.
You destroy the howler monkey zombie!
Ijyb the Twisted Goblin comes into view.
She is wielding a +0 club and carrying a wand of mindburst (15).
Ijyb shouts!
Ijyb zaps a wand.
Your mind is blasted!
Ouch! That really hurt!
A shower of butterflies erupts from you!
You swap places.
You swap places.
Ijyb completely misses your butterfly. Ijyb closely misses you.
You completely miss Ijyb. Ijyb misses you.
You closely miss Ijyb.
Ijyb zaps a wand.
Your mind is blasted!
Ouch! That really hurt!
You die...
Xom thinks this is hilarious!

#.###############.#
#...............#.#
###############.#.#
#.#.# #.#.# #.#.#
#.#.#
#################.#.#
.....$g@.b........#.#
........b.........#.#
+#b....#+#####....#.#
##+### #....#.#
#....#.# #....#)#
##...#.# #...#.#
#.....#


You could see Ijyb (ally target).

Vanquished Creatures
  A hound zombie (D:5)
  A howler monkey zombie (D:5)
  An adder (D:2)
  2 bats (D:1)
  A goblin (D:1)
  3 hobgoblins (D:1)
  2 jackals (D:1)
  A kobold (D:1)
  A frilled lizard (D:1)
  A rat (D:1)
14 creatures vanquished.

Vanquished Creatures (others)
  A plant (D:5)
1 creature vanquished.

Grand Total: 15 creatures vanquished

Notes
Turn   | Place    | Note
-------+----------+-------------------------------------------
     0 | D:1      | practice the Gargoyle Chaos Knight began the quest for the
                  | Orb.
     0 | D:1      | Reached XP level 1. HP: 14/14 MP: 1/1
   181 | D:1      | Reached XP level 2. HP: 17/19 MP: 2/2
   295 | D:1      | Upgraded the game from 0.27-a0-681-g0c81a3c1c3 to
                  | 0.28-a0-305-g9e858e973b
   364 | D:1      | Reached skill level 1 in Dodging
   447 | D:5      | Entered Level 5 of the Dungeon
   469 | D:5      | Reached XP level 3. HP: 6/24 MP: 3/3
   535 | D:5      | XOM: divination: magic mapping
   665 | D:5      | Noticed Duvessa
   665 | D:5      | XOM: 6-stop teleportation journey
   804 | D:5      | Noticed Ijyb
   804 | D:5      | XOM: butterfly on damage
   811 | D:5      | Blown up by Ijyb

Illustrated notes

Levels and vault maps discovered:
D:1:      dpeg_arrival_lava_altar, layout_basic
D:2:      layout_rooms, nicolae_overflow_crystal_walls
D:3:      layout_basic, dreamdust_ecumenical_altar_angels_and_demons,
          st_stairs_13
D:4:      layout_basic, nemelex_altar_shiori
D:5:      corexii_shantytown, layout_basic, grunt_ministairs_9, uniq_duvessa,
          uniq_edmund, uniq_ijyb

Skill      XL: |  1  2 |
---------------+-------+-----
Dodging        | 1 |  1.4
Fighting       | |  3.8
Armour         | |  2.4
Unarmed Combat | |  3.7

Action                   || total
-------------------------++-------
Melee: Unarmed           ||    79
  Use: Potion            ||     2
Armor: Leather armour    ||    57
Dodge: Dodged            ||    85

Table legend: (Time is in decaauts)
 A = Elapsed time spent in this place.
 B = Non-inter-level travel time spent in this place.
 C = Inter-level travel time spent in this place.
 D = Time resting spent in this place.
 E = Time spent auto-exploring this place.
 F = Levels seen in this place.
 G = Mean time per level.
                   A        B        C        D        E       F      G
               +--------+--------+--------+--------+--------+-----+--------+
         Total |    807 |    805 |      2 |      0 |    307 |   5 |  161.4 |
       Dungeon |    807 |    805 |      2 |      0 |    307 |   5 |  161.4 |
               +--------+--------+--------+--------+--------+-----+--------+

Top non-repeatable levels by time:
     D:5: 362 daAuts
     D:1: 348 daAuts
     D:2: 61 daAuts
     D:3: 22 daAuts
     D:4: 12 daAuts
